 Dungeon Crawl Stone Soup version 0.29.1-12-g30fa7ad0bf (webtiles) character file.

Game seed: 73646761834744980

7352 funkygono the Thaumaturge (level 10, 0/68 HPs)
             Began as a Demonspawn Fire Elementalist on Jan 2, 2023.
             Was a Believer of Vehumet.
             Slain by a death yak (16 damage)
             ... on level 11 of the Dungeon.
             The game lasted 00:19:43 (11528 turns).

funkygono the Thaumaturge (DsFE)                   Turns: 11528, Time: 00:19:44

Health: 0/68       AC: 16    Str:  8    XL:     10   Next: 91%
Magic:  10/23      EV: 13    Int: 22    God:    Vehumet [**....]
Gold:   488        SH:  0    Dex: 13    Spells: 15/28 levels left

rFire   . . .      SeeInvis .   z - +1 flail (protect)
rCold   + . .      Faith    .   (no shield)
rNeg    . . .      Spirit   .   F - +2 robe {Archmagi}
rPois   .          Reflect  .   (helmet restricted)
rElec   .          Harm     .   j - +2 cloak
rCorr   .          Rampage  .   P - +1 pair of gloves
Will    .....      Archmagi +   s - +0 pair of boots
Stlth   ++........              e - amulet of regeneration
HPRegen 1.01/turn               d - +4 ring of protection
MPRegen 0.18/turn               u - ring of protection from cold

@: no status effects
A: horns 2, slimy green scales 1, powered by death 1
a: Renounce Religion


You were on level 11 of the Dungeon.
You worshipped Vehumet.
Vehumet was pleased with you.
You visited 2 branches of the dungeon, and saw 12 of its levels.

You collected 488 gold pieces.

Inventory:

Hand Weapons
 m - a +0 whip of draining
 w - a +4 short sword of speed
 z - a +1 flail of protection (weapon)
 A - a +2 vampiric dagger
 D - a +3 quarterstaff of chaos
 E - a +2 whip of flaming
 K - a +2 mace
 O - a +5 flail of freezing
Armour
 b - a +0 leather armour
 j - a +2 cloak (worn)
 p - a +0 troll leather armour
 s - a +0 pair of boots (worn)
 F - a +2 robe of the Archmagi (worn)
 I - +0 steam dragon scales
 P - a +1 pair of gloves (worn)
Magical Staves
 h - a staff of poison
 v - a staff of conjuration
Jewellery
 d - a +4 ring of protection (left hand)
 e - an amulet of regeneration (around neck)
 u - a ring of protection from cold (right hand)
 J - an amulet of guardian spirit
Wands
 B - a wand of flame (35)
 H - a wand of mindburst (13)
 L - a wand of acid (4)
Scrolls
 c - 3 scrolls of amnesia
 g - 4 scrolls of identify
 n - 3 scrolls of magic mapping
 q - 3 scrolls of summoning
 y - 3 scrolls of poison
 C - 2 scrolls of blinking
 G - a scroll of butterflies
 R - a scroll of enchant weapon
 S - a scroll of teleportation {unknown}
Potions
 a - 2 potions of heal wounds
 f - 3 potions of attraction
 i - 4 potions of lignification
 k - 3 potions of curing
 l - a potion of berserk rage
 o - 4 potions of mutation
 r - 4 potions of might
 t - a potion of magic
 x - a potion of ambrosia
 M - a potion of cancellation
 Q - a potion of brilliance
Miscellaneous
 N - a condenser vane


   Skills:
 + Level 2.4 Fighting
 + Level 2.9 Maces & Flails
 + Level 3.6 Dodging
 - Level 1.7 Stealth
 + Level 9.9 Spellcasting
 + Level 7.1 Conjurations
 + Level 9.1 Fire Magic
 + Level 1.3 Evocations


You had 15 spell levels left.
You knew the following spells:

 Your Spells              Type           Power      Damage    Failure   Level
a - Foxfire               Conj/Fire      100%       2x1d9     1%          1
b - Scorch                Fire           100%       2d10      1%          2
c - Conjure Flame         Conj/Fire      63%        6-21      1%          3
d - Flame Wave            Conj/Fire      63%        2d15      2%          4
e - Shock                 Conj/Air       100%       1d9       1%          1
f - Searing Ray           Conj           100%       2d8       1%          2

Your spell library contained the following spells:

 Spells                   Type           Power      Damage    Failure   Level
 Inner Flame              Hex/Fire       46%        N/A       2%          3
 Ensorcelled Hibernation  Hex/Ice        32%        N/A       10%         2
 Passwall                 Tmut/Erth      13%        N/A       10%         2
 Gell's Gravitas          Tloc           16%        N/A       19%         3
 Summon Guardian Golem    Hex/Summ       16%        N/A       19%         3
 Swiftness                Air            16%        N/A       19%         3
 Teleport Other           Tloc           16%        N/A       19%         3
 Orb of Destruction       Conj           29%        9d9       95%         7
 Dispersal                Tloc           8%         N/A       100%        6
 Spellforged Servitor     Conj/Summ      19%        N/A       100%        7


Dungeon Overview and Level Annotations

Branches:
Dungeon (11/15)            Temple (1/1) D:5
   Lair: D:8-11         Orc: D:9-12

Altars:
Ashenzari
Cheibriados
Dithmenos
Fedhas
Gozag
Hepliaklqana
Kikubaaqudgha
Makhleb
Nemelex Xobeh
Okawaru
Qazlal
Ru
Sif Muna
Trog
Uskayaw
Vehumet
Wu Jian
Xom
Yredelemnul

Shops:
D:1 [   D:2 (

Annotations:
D:9 exclusion: orange crystal statue


Innate Abilities, Weirdness & Mutations

You have a pair of horns on your head.
You are partially covered in slimy green scales. (AC +2)
You regenerate a little health from kills.


Message History

You feel a surge of power!
A wave of flame ripples out!
The flame wave engulfs your foxfire.
Your foxfire completely resists.
The flame wave engulfs the centaur warrior!
The centaur warrior is lightly wounded. (Press . to intensify the flame waves.)
The centaur warrior closely misses you. x2
A wave of flame ripples out!
The flame wave engulfs your foxfire.
Your foxfire completely resists.
The flame wave engulfs the centaur warrior!!
The centaur warrior is heavily wounded.
The flame wave engulfs the death yak!!
The death yak is moderately wounded.
The flame wave engulfs the yak!
The yak is lightly wounded.
You hear a bellow!
The centaur warrior hits you.
The centaur warrior kicks you but does no damage.
The centaur warrior completely misses you.
The centaur warrior kicks you but does no damage.
A wave of flame ripples out!
The flame wave engulfs your foxfire.
Your foxfire completely resists.
The flame wave engulfs the centaur warrior!
The centaur warrior is almost dead.
The flame wave engulfs the death yak.
The death yak is moderately wounded.
The flame wave engulfs the yak!
The yak is heavily wounded.
The flame wave engulfs the yak!
The yak is heavily wounded.
You finish channelling waves of flame.
The centaur warrior hits you.
* * * LOW HITPOINT WARNING * * *
The centaur warrior kicks you but does no damage.
Your foxfire dissipates!
A death yak comes into view.
The centaur warrior wields a +0 shortbow.
The centaur warrior shoots an arrow.
The arrow hits you.
* * * LOW HITPOINT WARNING * * *
The death yak gores you!
You die...

#.##.##.###.###
##...##
#.##.##.......#
##.....##
#.......###...#
#.......#
####.##.......#
#......## #
#..#....# #.#...##
#[.#....#####.##.##
#..#......<...####
.........######
##.....Y@#
##...Y#.# #..Y.#c#
#...Y#YY #..ยง^.Y#.
#.......... #...
.... .. .#.. ...
.#...# ...


You could see 3 death yaks, a centaur warrior and 3 yaks.

Vanquished Creatures
  Josephine (D:10)
  Pikel (D:8)
  3 trolls (D:10)
  Grinder (D:3)
  3 wraiths (D:10)
  2 wyverns
  6 yaks (D:10)
  A steam dragon (D:8)
  A water moccasin (D:7)
  Duvessa (D:7)
  4 ice beasts
  A sky beast (D:7)
  A black bear (D:6)
  An ogre (D:4)
  4 centaurs
  A lemure (D:8)
  A phantom (D:3)
  3 kobold brigands
  A bullfrog (D:9)
  2 necrophages
  2 scorpions
  11 wights
  3 jellies
  Dowan (D:7)
  8 killer bees (D:8)
  4 howler monkeys
  3 lava snakes (D:9)
  A hound (D:7)
  3 orc priests
  Crazy Yiuf (D:7)
  Jessica (D:2)
  5 orc wizards
  6 iguanas
  8 adders
  2 white imps
  An ufetubus (D:7)
  2 worms
  2 dart slugs
  26 orcs
  9 endoplasms
  2 giant cockroaches
  4 goblins
  6 hobgoblins
  5 jackals
  16 kobolds
  6 ball pythons
  6 bats
  2 frilled lizards
  5 rats (D:1)
190 creatures vanquished.

Vanquished Creatures (collateral kills)
  18 foxfires
18 creatures vanquished.

Vanquished Creatures (others)
  An orc wizard (D:4)
  612 foxfires
  2 fungi (D:7)
  5 plants (D:1)
620 creatures vanquished.

Grand Total: 828 creatures vanquished

Notes
Turn   | Place    | Note
-------+----------+-------------------------------------------
     0 | D:1      | funkygono the Demonspawn Fire Elementalist began the quest
                  | for the Orb.
     0 | D:1      | Reached XP level 1. HP: 13/13 MP: 3/3
   232 | D:1      | Gained mutation: You are partially covered in slimy green
                  | scales. (AC +2) [demonic ancestry]
   232 | D:1      | Reached XP level 2. HP: 15/20 MP: 0/5
   364 | D:1      | Found Liefiasi's Armour Shoppe.
   376 | D:1      | Learned a level 2 spell: Scorch
  1009 | D:1      | Reached XP level 3. HP: 25/25 MP: 3/6
  1052 | D:1      | Found a faded altar of an unknown god.
  1221 | D:1      | Learned a level 3 spell: Conjure Flame
  1249 | D:2      | Found Neckuocw's Antique Weapon Boutique.
  1651 | D:2      | Noticed Jessica
  1664 | D:2      | Killed Jessica
  1716 | D:2      | Gained mutation: You regenerate a little health from kills.
                  | [demonic ancestry]
  1716 | D:2      | Reached XP level 4. HP: 31/31 MP: 4/8
  2380 | D:3      | Found an ornate altar of the Wu Jian Council.
  2691 | D:3      | Noticed a phantom
  2702 | D:3      | Killed a phantom
  2703 | D:3      | Reached XP level 5. HP: 36/36 MP: 1/10
  3093 | D:3      | Noticed Grinder
  3098 | D:3      | Killed Grinder
  3099 | D:3      | Reached XP level 6. HP: 36/42 MP: 0/12
  3380 | D:3      | Learned a level 4 spell: Flame Wave
  3541 | D:4      | Found a bloodstained altar of Trog.
  3756 | D:4      | Reached XP level 7. HP: 27/47 MP: 5/14
  3760 | D:4      | Reached skill level 5 in Spellcasting
  4687 | D:5      | Entered Level 5 of the Dungeon
  4761 | D:5      | Reached skill level 5 in Fire Magic
  5189 | D:5      | Found a staircase to the Ecumenical Temple.
  5197 | Temple   | Entered the Ecumenical Temple
  5207 | Temple   | Became a worshipper of Vehumet
  5457 | D:5      | Gained mutation: You have a pair of small horns on your
                  | head. [demonic ancestry]
  5457 | D:5      | Reached XP level 8. HP: 53/53 MP: 10/16
  5511 | D:5      | Found a hazy altar of Hepliaklqana.
  5622 | D:5      | Found a sparkling altar of Nemelex Xobeh.
  6740 | D:7      | Noticed Dowan
  6743 | D:7      | Noticed Duvessa
  6744 | D:7      | Reached skill level 1 in Maces & Flails
  6920 | D:7      | Killed Duvessa
  6921 | D:7      | Reached skill level 1 in Fighting
  6922 | D:7      | Killed Dowan
  6923 | D:7      | Reached skill level 5 in Conjurations
  7356 | D:7      | Reached XP level 9. HP: 59/59 MP: 14/20
  7631 | D:7      | Found a runed translucent door.
  7632 | D:7      | Noticed Crazy Yiuf
  7694 | D:7      | Killed Crazy Yiuf
  7977 | D:8      | Noticed Pikel
  7985 | D:8      | Killed Pikel
  8177 | D:8      | Reached * piety under Vehumet
  8177 | D:8      | Offered knowledge of Shock by Vehumet.
  8795 | D:8      | Learned a level 1 spell: Shock
  9041 | D:9      | Noticed an orange crystal statue
  9263 | D:9      | Found an opulent altar of Gozag.
  9294 | D:9      | Found a blossoming altar of Fedhas.
  9304 | D:9      | Gained mutation: You have a pair of horns on your head.
                  | [demonic ancestry]
  9304 | D:9      | Reached XP level 10. HP: 67/67 MP: 9/22
  9444 | D:9      | Reached ** piety under Vehumet
  9445 | D:9      | Offered knowledge of Searing Ray by Vehumet.
 10016 | D:9      | Learned a level 2 spell: Searing Ray
 10030 | D:10     | Entered Level 10 of the Dungeon
 10553 | D:10     | Noticed Josephine
 10565 | D:10     | Reached skill level 1 in Evocations
 10565 | D:10     | Killed Josephine
 11038 | D:10     | Found a hide-covered altar of Uskayaw.
 11514 | D:11     | Noticed a death yak
 11517 | D:11     | Noticed a death yak
 11519 | D:11     | Noticed a centaur warrior
 11528 | D:11     | Noticed a death yak
 11528 | D:11     | Slain by a death yak

Illustrated notes

Levels and vault maps discovered:
D:1:      nzn_arrival_depleted_hourglass, layout_basic, serial_shops,
          nicolae_shop_window_shopping, shapermc_ecumenical_altar_mp_highgroup,
          chequers_serial_rivers_micro_c, serial_bayou_lagoon_a
D:2:      layout_basic, serial_shops, nicolae_diamond_shop,
          kennysheep_decorative_pillar, uniq_jessica
D:3:      layout_basic, mainiacjoe_overflow_chevrons,
          chequers_serial_rivers_micro_b, interstate_on_off, bh_walls_and_bars,
          uniq_grinder
D:4:      layout_basic, trog_book, dk_noncrumbling_2
D:5:      layout_basic, nemelex_diamond_rough_becter, marbit_many_paths,
          minmay_temple_entry_statues_pillars
D:6:      layout_gridville
D:7:      layout_loops_cross, abandoned_shop, uniq_duvessa,
          uniq_crazy_yiuf_cottage
D:8:      layout_gridville, minmay_holes, feat_on_display, uniq_pikel
D:9:      layout_gridville, grunt_gozag_statues, fedhas_bush_and_centaur_altar,
          serial_bayou_pond_d, st_stairs_2, minivault_21, disabler_island
D:10:     layout_grid_maze, nicolae_uskayaw_murder_on_the_dancefloor,
          minmay_misc_feat_nine_boxes, chequers_serial_rivers_micro_b,
          uniq_josephine
D:11:     layout_loops_cross, dpeg_lair_monsters, david_orc_3
Temple:   bh_familiar_temple

Skill      XL: |  1  2  3  4  5  6  7  8  9 10 |
---------------+-------------------------------+-----
Fire Magic     | 3 4 5 6 7 9 |  9.1
Dodging        | 2 3 |  3.6
Conjurations   | 2 3 4 5 6 7 |  7.1
Spellcasting   | 3 4 5 7 8 9 |  9.9
Maces & Flails | 1 2 |  2.9
Fighting       | 1 2 |  2.4
Evocations     | 1 |  1.3
Stealth        | |  1.7

Action                   |  1- 3 |  4- 6 |  7- 9 | 10-12 || total
-------------------------+-------+-------+-------+-------++-------
Melee: Unarmed           |     6 |       |       |       ||     6
       Club              |     7 |       |       |       ||     7
       Whip              |       |     5 |    16 |       ||    21
       Flail             |       |       |    52 |    29 ||    81
       Headbutt          |       |       |    11 |     4 ||    15
       Punch             |       |       |     1 |     1 ||     2
 Cast: Foxfire           |    60 |    70 |   192 |    52 ||   374
       Scorch            |     6 |    20 |    44 |    14 ||    84
       Flame Wave        |       |       |     4 |    10 ||    14
Evoke: Wand              |       |       |       |     5 ||     5
  Use: Potion            |       |     1 |     1 |       ||     2
       Scroll            |       |       |    16 |     4 ||    20
Armor: Robe              |     5 |    12 |    71 |    40 ||   128
Dodge: Dodged            |    19 |     7 |    80 |    51 ||   157
